 Dungeon Sprint DCSS version 0.17-a0-1718-g72dbe4d (webtiles) character file.

114718 Kidiri the Impregnable (level 16, -10/240 HPs)
             Began as a Minotaur Fighter on Aug 24, 2015.
             Was the Champion of Okawaru.
             Killed from afar by Lom Lobon (56 damage)
             ... with a great icy blast
             ... in the Dungeon (Sprint VII: "The Pits").
             The game lasted 00:47:51 (6941 turns).

Kidiri the Impregnable (Minotaur Fighter)           Turns: 6941, Time: 00:47:51

Health: -10/240    AC: 47    Str: 37    XL:     16   Next: 17%
Magic:  36/36      EV: 19    Int:  5    God:    Okawaru [******]
Gold:   31         SH: 31    Dex: 13    Spells: 0 memorised, 15 levels left

rFire  + . .     SeeInvis +     g - +5 war axe of the Old World {chop, rElec rPois Str-3 SInv}
rCold  + + +     Clarity  .     a - +4 gold dragon armour
rNeg   + + .     SustAt   .     b - +2 large shield
rPois  +         Gourm    .     c - +2 hat
rElec  +         Spirit   .     x - +2 cloak of Benevolence {rElec MR+ Str+4}
rCorr  .         Warding  +     s - -2 pair of gloves of Defriho {+Inv rF- Str+3 Int+4}
rMut   .         NoTele   +     f - +2 pair of boots {Stlth+}
MR     ++...                    S - amulet of Guqehupp {Ward rElec rC++ rN+ Int-4 Dex+3}
Stlth  ..........               v - ring of Siun {rPois rN+ MP+9 AC+6}
                                N - ring "Gexku" {+Blink +Fly rElec rF+ rC+}

@: mighty, berserking (expiring), heroism, studying Dodging, very quick, very
resistant to hostile enchantments, extremely unstealthy
A: retaliatory headbutt, horns 2
a: Heroism, Finesse, Renounce Religion, Evoke Blink, Evoke Invisibility, Evoke
Flight


You were in the Dungeon.
You worshipped Okawaru.
Okawaru was exalted by your worship.
You were not hungry.

You visited 1 branch You collected 31 gold pieces.

Inventory:

Hand weapons
 g - the +5 war axe of the Old World (weapon) {chop, rElec rPois Str-3 SInv}
   (Okawaru gifted it to you in the Dungeon)

   It inflicts extra damage upon your enemies.
   It affects your strength (-3).
   It insulates you from electricity.
   It protects you from poison.
   It lets you see invisible.
Armour
 a - a +4 gold dragon armour (worn)
 b - a +2 large shield (worn)
 c - a +2 hat (worn)
 f - a +2 pair of boots of stealth (worn)
 s - the -2 pair of gloves of Defriho (worn) {+Inv rF- Str+3 Int+4}
   (Okawaru gifted it to you in the Dungeon)

   It affects your strength (+3).
   It affects your intelligence (+4).
   It makes you vulnerable to fire.
   It lets you turn invisible.
 x - the +2 cloak of Benevolence (worn) {rElec MR+ Str+4}
   (Okawaru gifted it to you in the Dungeon)

   It affects your strength (+4).
   It insulates you from electricity.
   It affects your resistance to hostile enchantments.
Jewellery
 v - the ring of Siun (right hand) {rPois rN+ MP+9 AC+6}
   (You found it in the Dungeon)

   [ring of protection]

   It affects your AC (+6).
   It protects you from poison.
   It protects you from negative energy.
   It affects your magic capacity (+9).
 N - the ring "Gexku" (left hand) {+Blink +Fly rElec rF+ rC+}
   (You found it in the Dungeon)

   [ring of protection from fire]

   It protects you from fire.
   It protects you from cold.
   It insulates you from electricity.
   It lets you fly.
   It lets you blink.
 S - the amulet of Guqehupp (around neck) {Ward rElec rC++ rN+ Int-4 Dex+3}
   (You found it in the Dungeon)

   [amulet of warding]

   It may prevent the melee attacks of summoned creatures.
   It affects your intelligence (-4).
   It affects your dexterity (+3).
   It greatly protects you from cold.
   It insulates you from electricity.
   It protects you from negative energy.
Magical devices
 t - a wand of digging (18)
 u - a wand of lightning (8)
 D - a wand of lightning (5)
 E - a wand of polymorph (14)
 K - a wand of heal wounds (5)
 L - a wand of hasting (5)
Scrolls
 k - 4 scrolls of blinking
 p - 4 scrolls of remove curse
 q - 5 scrolls of amnesia
 r - a scroll of summoning
 y - 4 scrolls of recharging
 A - 5 scrolls of fear
 C - 2 scrolls of fog
Potions
 d - a potion of might
 h - 2 potions of haste
 i - 4 potions of magic
 j - a potion of berserk rage
 o - 2 potions of invisibility
 z - 4 potions of agility
 B - 5 potions of cure mutation
 G - 3 potions of heal wounds
 H - 2 potions of resistance
 I - a potion of brilliance
 J - 3 potions of curing
Books
 l - a manual of Dodging
Comestibles
 e - 3 bread rations
 m - 42 fruits
 n - 12 meat rations


   Skills:
 + Level 19.2(24.2) Fighting
 * Level 25.0(27) Axes
 * Level 25.2(27) Armour
 + Level 17.6(22.6) Dodging
 * Level 25.2(27) Shields
 + Level 16.3 Invocations
 + Level 9.9 Evocations


You had 15 spell levels left.
You didn't know any spells.

Dungeon Overview and Level Annotations

Branches:
Dungeon (1/1)

Altars:
Ashenzari
Cheibriados
Dithmenos
Elyvilon
Fedhas
Gozag
Kikubaaqudgha
Makhleb
Nemelex Xobeh
Okawaru
Qazlal
Ru
Sif Muna
Trog
Vehumet
Xom
Yredelemnul
Zin
The Shining One
Beogh
Jiyva
Lugonu

Annotations:
D Lom Lobon


Innate Abilities, Weirdness & Mutations

You reflexively headbutt those who attack you in melee.
You have a pair of horns on your head.


Message History

You closely miss Lom Lobon.
Lom Lobon is heavily wounded.
You are engulfed in freezing vapours.
You resist. Lom Lobon gestures at you.
Lom Lobon conjures a mighty blast of ice!
The great icy blast engulfs you! You partially resist.
* * * LOW HITPOINT WARNING * * *
You slash Lom Lobon! You headbutt Lom Lobon!
Lom Lobon is heavily wounded.
You are engulfed in freezing vapours.
You resist. The ice encasing you melts away.
You miss Lom Lobon. You headbutt Lom Lobon!
Lom Lobon is severely wounded.
You are engulfed in freezing vapours.
You resist.
You float gracefully downwards.
Lom Lobon screams, "Embrace thy doom, thou puking fool-born pimple!"
Lom Lobon gestures at you.
Lom Lobon conjures a mighty blast of ice!
The great icy blast engulfs you! You partially resist.
You die...

#+# #&# #@# #§#
#§# #§# #+#
################+#
.................#
....[............#
+##############..#


You could see Lom Lobon.

Vanquished Creatures
  A curse toe (D)
  2 bone dragons (D)
  A Shadow Fiend (D)
  A titan (D)
  A lich (D)
  A sphinx (D)
  A deep elf master archer (D)
  A death cob (D)
  6 greater nagas (D)
  A shadow dragon (D)
  Ilsuiw (D)
  A deep elf sorcerer (D)
  2 draconian scorchers (D)
  A cacodemon (D)
  2 orc warlords (D)
  A balrug (D)
  2 angels (D)
  2 draconian shifters (D)
  2 green draconians (D)
  A draconian caller (D)
  2 deep elf annihilators (D)
  2 vampire knights (D)
  A purple draconian (D)
  3 yellow draconians (D)
  A dire elephant (D)
  A red draconian (D)
  A deep elf death mage (D)
  A blizzard demon (D)
  Snorg (D)
  4 vault guards (D)
  A yaktaur captain (D)
  A merfolk impaler (D)
  2 great orbs of eyes (D)
  A hydra (D)
  A catoblepas (D)
  2 naga warriors (D)
  Erica (D)
  3 death knights (D)
  An alligator snapping turtle (D)
  A spriggan air mage (D)
  3 ogre magi (D)
  An alligator (D)
  11 death yaks (D)
  A spriggan berserker (D)
  2 vampire magi (D)
  4 hell hogs (D)
  Nergalle (D)
  4 hell knights (D)
  An ice devil (D)
  3 iron trolls (D)
  A sea snake (D)
  2 deep elf knights (D)
  5 skeletal warriors (D)
  3 unseen horrors (D)
  A deep elf summoner (D)
  2 cherubim (D)
  A flayed ghost (D)
  A swamp dragon (D)
  A wizard (D)
  4 necromancers (D)
  A cyclops (D)
  13 orc knights (D)
  An orc sorcerer (D)
  A hornet (D)
  A wolf spider (D)
  A salamander (D)
  2 sirens (D)
  A rust devil (D)
  A sixfirhy (D)
  A spiny frog (D)
  An eye of devastation (D)
  A black mamba (D)
  Psyche (D)
  A molten gargoyle (D)
  An efreet (D)
  A red devil (D)
  4 yaktaurs (D)
  2 guardian mummies (D)
  3 slime creatures (D)
  A two-headed ogre (D)
  A troll (D)
  A jumping spider (D)
  A giant leech (D)
  A blue devil (D)
  A bog body (D)
  2 boulder beetles (D)
  An air elemental (D)
  A wyvern (D)
  2 redbacks (D)
  A tarantella (D)
  2 flying skulls (D)
  2 ynoxinuls (D)
  2 shadows (D)
  A hippogriff (shapeshifter) (D)
  A fire bat (D)
  A hippogriff (D)
  3 nagas (D)
  2 wargs (D)
  A soldier ant (D)
  A wasp (D)
  An ice beast (D)
  2 orc warriors (D)
  2 centaurs (D)
  3 ogres (D)
  A crocodile (D)
  A giant frog (D)
  4 wights (D)
  A gnoll shaman (D)
  2 orc wizards (D)
  4 orc priests (D)
  A hound (D)
  An iron imp (D)
  An iguana (D)
  2 hell rats (D)
  4 sheep (D)
  A worker ant (D)
  An adder (D)
  5 gnolls (D)
  A river rat (D)
  A white imp (D)
  A giant eyeball (D)
  2 adder skeletons (D)
  A giant gecko (D)
  13 orcs (D)
  A bat zombie (D)
  A giant cockroach (D)
  A goblin (D)
  6 jackals (D)
  A quokka (D)
  A ball python skeleton (D)
  A giant newt (D)
  2 kobolds (D)
  A quokka skeleton (D)
  2 rats (D)
254 creatures vanquished.

Vanquished Creatures (others)
  2 ball lightnings (D)
  A quokka skeleton (D)
3 creatures vanquished.

Grand Total: 257 creatures vanquished

Notes
Turn   | Place    | Note
--------------------------------------------------------------
     0 | D        | Kidiri the Minotaur Fighter began the quest for the Orb.
     0 | D        | Reached XP level 1. HP: 19/19 MP: 0/0
    30 | D        | Reached skill level 4 in Fighting
    70 | D        | Found a sacrificial altar of Ru.
    70 | D        | Found a basalt altar of Yredelemnul.
    70 | D        | Found a shadowy altar of Dithmenos.
    70 | D        | Found a deep blue altar of Sif Muna.
    70 | D        | Found a burning altar of Makhleb.
    70 | D        | Found a shimmering altar of Xom.
    70 | D        | Found an ancient bone altar of Kikubaaqudgha.
    70 | D        | Found a sparkling altar of Nemelex Xobeh.
    71 | D        | Found a glowing golden altar of the Shining One.
    71 | D        | Found a bloodstained altar of Trog.
    71 | D        | Found a shattered altar of Ashenzari.
    71 | D        | Found a white marble altar of Elyvilon.
    71 | D        | Found a snail-covered altar of Cheibriados.
    71 | D        | Found a blossoming altar of Fedhas.
    71 | D        | Found a radiant altar of Vehumet.
    71 | D        | Found a glowing silver altar of Zin.
    71 | D        | Found a corrupted altar of Lugonu.
    71 | D        | Found a viscous altar of Jiyva.
    71 | D        | Found a roughly hewn altar of Beogh.
    71 | D        | Found an iron altar of Okawaru.
    77 | D        | Found a stormy altar of Qazlal.
    78 | D        | Found an opulent altar of Gozag.
    80 | D        | Became a worshipper of Warmaster Okawaru
    98 | D        | Noticed a worker ant
   101 | D        | Killed a worker ant
   101 | D        | Reached skill level 5 in Armour
   101 | D        | Reached skill level 1 in Dodging
   101 | D        | Reached skill level 1 in Invocations
   101 | D        | Reached XP level 2. HP: 25/28 MP: 1/1
   112 | D        | Reached XP level 3. HP: 30/34 MP: 1/3
   124 | D        | Reached skill level 5 in Shields
   228 | D        | Noticed a flying skull
   229 | D        | Noticed a giant frog
   229 | D        | Noticed a wight
   231 | D        | Noticed a wight
   231 | D        | Noticed a wight
   232 | D        | Noticed a wight
   255 | D        | Killed a flying skull
   255 | D        | Acquired Okawaru's first power
   255 | D        | Reached skill level 5 in Fighting
   255 | D        | Reached skill level 6 in Axes
   255 | D        | Reached skill level 7 in Armour
   255 | D        | Reached XP level 4. HP: 44/44 MP: 3/5
   255 | D        | Reached XP level 5. HP: 50/50 MP: 3/6
   259 | D        | Killed a giant frog
   261 | D        | Reached skill level 8 in Armour
   353 | D        | Killed a wight
   353 | D        | Reached XP level 6. HP: 25/58 MP: 6/8
   356 | D        | Killed a wight
   362 | D        | Killed a wight
   362 | D        | Reached skill level 9 in Armour
   365 | D        | Killed a wight
   393 | D        | Noticed an orc wizard
   396 | D        | Killed an orc wizard
   631 | D        | Noticed a molten gargoyle
   647 | D        | Killed a molten gargoyle
   647 | D        | Reached skill level 10 in Armour
   647 | D        | Reached skill level 5 in Dodging
   647 | D        | Reached skill level 10 in Shields
   647 | D        | Reached skill level 5 in Invocations
   647 | D        | Reached XP level 7. HP: 41/67 MP: 7/9
   654 | D        | Noticed an orc priest
   665 | D        | Killed an orc priest
   899 | D        | Noticed a hound
   899 | D        | Noticed a spiny frog
   903 | D        | Killed a hound
   917 | D        | Killed a spiny frog
   917 | D        | Reached skill level 10 in Axes
   917 | D        | Reached XP level 8. HP: 20/74 MP: 8/11
  1258 | D        | Noticed a centaur
  1263 | D        | Killed a centaur
  1335 | D        | Killed an unseen horror
  1335 | D        | Reached skill level 11 in Axes
  1369 | D        | Noticed a jumping spider
  1372 | D        | Noticed an orc priest
  1382 | D        | Killed a jumping spider
  1384 | D        | Killed an orc priest
  1384 | D        | Reached XP level 9. HP: 36/83 MP: 10/12
  1590 | D        | Noticed an orc sorcerer
  1590 | D        | Noticed a boulder beetle
  1590 | D        | Paralysed by an orc sorcerer for 5 turns
  1597 | D        | Killed an orc sorcerer
  1597 | D        | Reached skill level 12 in Armour
  1617 | D        | Killed a boulder beetle
  1617 | D        | Received a gift from Okawaru
  1934 | D        | Noticed an iguana
  1938 | D        | Killed an iguana
  1951 | D        | Noticed a hippogriff
  1956 | D        | Killed a hippogriff
  1965 | D        | Noticed a hornet
  1972 | D        | Killed a hornet
  1972 | D        | Reached skill level 10 in Fighting
  1978 | D        | Noticed an alligator
  1984 | D        | Noticed a warg
  1986 | D        | Killed an alligator
  1986 | D        | Acquired Okawaru's second power
  1986 | D        | Reached skill level 13 in Axes
  1990 | D        | Killed a warg
  1990 | D        | Reached XP level 10. HP: 91/93 MP: 14/14
  1991 | D        | Noticed a guardian mummy
  1993 | D        | Noticed a skeletal warrior
  1994 | D        | Noticed a black mamba
  1994 | D        | Noticed a skeletal warrior
  1999 | D        | Killed a guardian mummy
  2005 | D        | Killed a black mamba
  2017 | D        | Killed a skeletal warrior
  2018 | D        | Noticed a skeletal warrior
  2018 | D        | Noticed a skeletal warrior
  2018 | D        | Noticed a skeletal warrior
  2025 | D        | Noticed a bog body
  2025 | D        | Noticed a wasp
  2047 | D        | Killed a skeletal warrior
  2047 | D        | Reached skill level 14 in Armour
  2053 | D        | Killed a skeletal warrior
  2060 | D        | Killed a skeletal warrior
  2065 | D        | Killed a wasp
  2067 | D        | Killed a bog body
  2073 | D        | Killed a skeletal warrior
  2073 | D        | Received a gift from Okawaru
  2091 | D        | Noticed a shadow
  2092 | D        | Noticed an iron imp
  2100 | D        | Killed a shadow
  2104 | D        | Killed an iron imp
  2109 | D        | Noticed a guardian mummy
  2119 | D        | Killed a guardian mummy
  2119 | D        | Reached skill level 15 in Shields
  2119 | D        | Reached XP level 11. HP: 48/102 MP: 16/16
  2369 | D        | Killed an unseen horror
  2369 | D        | Reached skill level 15 in Armour
  2514 | D        | Noticed a death yak
  2514 | D        | Noticed an orc priest
  2514 | D        | Noticed an orc priest
  2514 | D        | Noticed an orc wizard
  2515 | D        | Noticed a redback
  2515 | D        | Noticed a yaktaur
  2516 | D        | Noticed a slime creature
  2518 | D        | Noticed a redback
  2518 | D        | Noticed a fire bat
  2520 | D        | Noticed a ynoxinul
  2520 | D        | Killed an orc priest
  2521 | D        | Killed an orc wizard
  2525 | D        | Killed an orc priest
  2525 | D        | Reached skill level 10 in Dodging
  2527 | D        | Noticed a hell rat
  2527 | D        | Killed a redback
  2530 | D        | Killed a death yak
  2530 | D        | Reached skill level 15 in Axes
  2532 | D        | Noticed a slime creature
  2532 | D        | Killed a slime creature
  2535 | D        | Killed a redback
  2536 | D        | Killed a fire bat
  2537 | D        | Noticed a blue devil
  2538 | D        | Noticed a death yak
  2539 | D        | Noticed an ice beast
  2540 | D        | Killed a ynoxinul
  2540 | D        | Killed a yaktaur
  2540 | D        | Received a gift from Okawaru
  2541 | D        | Noticed a slime creature
  2543 | D        | Killed a hell rat
  2545 | D        | Noticed a death yak
  2546 | D        | Killed a slime creature
  2553 | D        | Noticed a death yak
  2555 | D        | Killed a death yak
  2556 | D        | Killed an ice beast
  2557 | D        | Killed a blue devil
  2558 | D        | Killed a slime creature
  2558 | D        | Reached skill level 16 in Armour
  2559 | D        | Noticed a death yak
  2562 | D        | Killed a death yak
  2562 | D        | Reached skill level 10 in Invocations
  2574 | D        | Killed a death yak
  2584 | D        | Killed a death yak
  2588 | D        | Noticed a death yak
  2600 | D        | Killed a death yak
  2626 | D        | Got a steaming cloak {god gift}
  2637 | D        | Identified the +2 cloak of Benevolence {rElec MR+ Str+4} (Okawaru gifted it to you in the Dungeon)
  2878 | D        | Noticed a flying skull
  2878 | D        | Noticed a naga
  2878 | D        | Noticed a salamander
  2880 | D        | Noticed a naga warrior
  2881 | D        | Noticed a ynoxinul
  2882 | D        | Killed a flying skull
  2884 | D        | Noticed a naga
  2885 | D        | Noticed a naga
  2887 | D        | Killed a salamander
  2890 | D        | Killed a ynoxinul
  2897 | D        | Killed a naga
  2903 | D        | Killed a naga warrior
  2903 | D        | Reached XP level 12. HP: 72/113 MP: 11/18
  2903 | D        | Killed a naga
  2908 | D        | Killed a naga
  2911 | D        | Noticed a flayed ghost
  2914 | D        | Noticed Nergalle
  2919 | D        | Killed a flayed ghost
  2919 | D        | Reached skill level 17 in Armour
  2931 | D        | Killed Nergalle
  2950 | D        | Noticed Psyche
  2950 | D        | Noticed a crocodile
  2953 | D        | Killed a crocodile
  2958 | D        | Killed Psyche
  3219 | D        | Noticed a necromancer
  3221 | D        | Noticed a boulder beetle
  3226 | D        | Killed a necromancer
  3226 | D        | Received a gift from Okawaru
  3250 | D        | Killed a boulder beetle
  3294 | D        | Noticed a soldier ant
  3295 | D        | Noticed an alligator snapping turtle
  3301 | D        | Killed a soldier ant
  3315 | D        | Killed an unseen horror
  3327 | D        | Killed an alligator snapping turtle
  3565 | D        | Noticed a hell hog
  3565 | D        | Noticed an iron troll
  3565 | D        | Noticed a cyclops
  3565 | D        | Noticed a wizard
  3566 | D        | Noticed a hell rat
  3566 | D        | Noticed a death knight
  3567 | D        | Killed a wizard
  3569 | D        | Killed a hell rat
  3574 | D        | Killed a death knight
  3581 | D        | Noticed a hell hog
  3582 | D        | Noticed a hell hog
  3588 | D        | Killed an iron troll
  3589 | D        | Noticed a great orb of eyes
  3592 | D        | Killed a great orb of eyes
  3596 | D        | Killed a hell hog
  3596 | D        | Reached skill level 18 in Armour
  3597 | D        | Noticed Erica
  3598 | D        | Noticed a merfolk impaler
  3600 | D        | Killed a cyclops
  3602 | D        | Noticed a sixfirhy
  3603 | D        | Killed Erica
  3605 | D        | Noticed Ilsuiw
  3608 | D        | Killed a hell hog
  3609 | D        | Noticed a siren
  3613 | D        | Killed a hell hog
  3614 | D        | Noticed a hell hog
  3619 | D        | Killed a hell hog
  3626 | D        | Killed a merfolk impaler
  3627 | D        | Noticed Snorg
  3628 | D        | Noticed a siren
  3628 | D        | Noticed a catoblepas
  3631 | D        | Killed a siren
  3632 | D        | Killed a catoblepas
  3636 | D        | Killed a siren
  3636 | D        | Reached XP level 13. HP: 91/124 MP: 17/20
  3641 | D        | Noticed a gnoll shaman
  3641 | D        | Killed Snorg
  3641 | D        | Killed a sixfirhy
  3641 | D        | Received a gift from Okawaru
  3643 | D        | Noticed an angel
  3647 | D        | Killed a gnoll shaman
  3655 | D        | Killed an angel
  3655 | D        | Reached skill level 19 in Armour
  3664 | D        | Noticed a death knight
  3677 | D        | Killed a death knight
  3680 | D        | Killed Ilsuiw
  3683 | D        | Noticed a shadow
  3687 | D        | Killed a shadow
  3688 | D        | Noticed a troll
  3693 | D        | Killed a troll
  3694 | D        | Noticed a red devil
  3696 | D        | Killed a red devil
  3698 | D        | Noticed a great orb of eyes
  3700 | D        | Killed a great orb of eyes
  3735 | D        | Got a crude hand axe {god gift}
  3736 | D        | Identified the +6 hand axe "Miwy" {flame, +Fly Str+3} (Okawaru gifted it to you in the Dungeon)
  3964 | D        | Noticed an orc knight
  3964 | D        | Noticed a warg
  3964 | D        | Noticed an orc warrior
  3964 | D        | Noticed an orc warrior
  3964 | D        | Noticed a giant leech
  3977 | D        | Killed an orc warrior
  3980 | D        | Killed a giant leech
  3981 | D        | Killed an orc knight
  3983 | D        | Killed a warg
  3986 | D        | Killed an orc warrior
  4095 | D        | Noticed an air elemental
  4095 | D        | Noticed a death knight
  4096 | D        | Noticed an orc knight
  4096 | D        | Noticed an orc knight
  4096 | D        | Noticed an orc knight
  4096 | D        | Noticed an orc knight
  4097 | D        | Noticed an orc warlord
  4097 | D        | Noticed an orc warlord
  4098 | D        | Noticed an orc knight
  4100 | D        | Noticed a yaktaur
  4100 | D        | Noticed an orc knight
  4100 | D        | Noticed an orc knight
  4100 | D        | Noticed an orc knight
  4101 | D        | Noticed a shadow dragon
  4101 | D        | Killed an air elemental
  4105 | D        | Noticed an efreet
  4105 | D        | Killed a death knight
  4108 | D        | Noticed a yaktaur
  4108 | D        | Noticed a naga warrior
  4110 | D        | Noticed a yaktaur captain
  4112 | D        | Killed an orc knight
  4112 | D        | Received a gift from Okawaru
  4113 | D        | Got a pair of bloodstained gloves {god gift}
  4113 | D        | Noticed an orc knight
  4128 | D        | Killed an orc warlord
  4128 | D        | Reached skill level 15 in Fighting
  4137 | D        | Killed an orc warlord
  4140 | D        | Noticed an orc knight
  4140 | D        | Noticed a deep elf knight
  4140 | D        | Noticed a deep elf knight
  4141 | D        | Noticed an orc knight
  4141 | D        | Noticed a vault guard
  4142 | D        | Noticed a vault guard
  4143 | D        | Noticed an orc knight
  4144 | D        | Killed a yaktaur captain
  4145 | D        | Killed an orc knight
  4145 | D        | Reached skill level 20 in Armour
  4146 | D        | Noticed an iron troll
  4148 | D        | Killed an orc knight
  4151 | D        | Killed a yaktaur
  4152 | D        | Killed an orc knight
  4154 | D        | Killed a yaktaur
  4156 | D        | Killed an orc knight
  4158 | D        | Killed an orc knight
  4160 | D        | Killed a shadow dragon
  4161 | D        | Killed a deep elf knight
  4162 | D        | Killed an efreet
  4166 | D        | Killed an orc knight
  4175 | D        | Killed a naga warrior
  4176 | D        | Killed a vault guard
  4177 | D        | Killed an orc knight
  4177 | D        | Killed a deep elf knight
  4182 | D        | Killed a vault guard
  4183 | D        | Killed an iron troll
  4183 | D        | Reached XP level 14. HP: 44/136 MP: 22/22
  4187 | D        | Killed an orc knight
  4189 | D        | Killed an orc knight
  4190 | D        | Killed an orc knight
  4193 | D        | Killed an orc knight
  4237 | D        | Identified the -2 pair of gloves of Defriho {+Inv rF- Str+3 Int+4} (Okawaru gifted it to you in the Dungeon)
  4569 | D        | Got the +4 ice dragon armour of Wrong Decisions {rElec rF- rC++}
  4783 | D        | Noticed a rust devil
  4784 | D        | Noticed a greater naga
  4784 | D        | Noticed a tarantella
  4784 | D        | Noticed a yaktaur
  4787 | D        | Killed a tarantella
  4791 | D        | Killed a rust devil
  4791 | D        | Killed a yaktaur
  4794 | D        | Noticed a blizzard demon
  4797 | D        | Killed a greater naga
  4797 | D        | Reached skill level 21 in Armour
  4797 | D        | Reached skill level 1 in Evocations
  4799 | D        | Noticed a vampire knight
  4801 | D        | Noticed a vampire knight
  4801 | D        | Noticed a yellow draconian
  4801 | D        | Killed a blizzard demon
  4808 | D        | Noticed an ogre
  4809 | D        | Killed a yellow draconian
  4809 | D        | Received a gift from Okawaru
  4819 | D        | Killed an ogre
  4821 | D        | Killed a vampire knight
  4824 | D        | Noticed a vault guard
  4834 | D        | Killed a vampire knight
  4839 | D        | Killed a vault guard
  4842 | D        | Noticed a swamp dragon
  4852 | D        | Noticed a deep elf summoner
  4852 | D        | Noticed a greater naga
  4852 | D        | Noticed a dire elephant
  4853 | D        | Noticed a four-headed hydra
  4853 | D        | Noticed a centaur
  4859 | D        | Killed a swamp dragon
  4866 | D        | Killed a deep elf summoner
  4871 | D        | Killed a 13-headed hydra
  4872 | D        | Killed a dire elephant
  4874 | D        | Killed a centaur
  4878 | D        | Killed a greater naga
  5084 | D        | Noticed a sea snake
  5084 | D        | Noticed an ogre mage
  5084 | D        | Noticed an ogre
  5084 | D        | Noticed a two-headed ogre
  5085 | D        | Noticed a death cob
  5085 | D        | Noticed an angel
  5085 | D        | Noticed a greater naga
  5085 | D        | Noticed an ice devil
  5085 | D        | Noticed an eye of devastation
  5085 | D        | Noticed a red draconian
  5086 | D        | Noticed a wyvern
  5086 | D        | Noticed an ogre
  5097 | D        | Killed a death cob
  5102 | D        | Killed a sea snake
  5104 | D        | Killed an ogre
  5113 | D        | Killed an ogre mage
  5118 | D        | Killed a red draconian
  5121 | D        | Killed an ogre
  5124 | D        | Killed an angel
  5124 | D        | Reached skill level 22 in Armour
  5124 | D        | Reached skill level 15 in Dodging
  5129 | D        | Killed an ice devil
  5131 | D        | Killed an eye of devastation
  5137 | D        | Killed a greater naga
  5137 | D        | Reached skill level 5 in Evocations
  5139 | D        | Killed a two-headed ogre
  5139 | D        | Received a gift from Okawaru
  5143 | D        | Killed a wyvern
  5315 | D        | Noticed a bone dragon
  5339 | D        | Killed a bone dragon
  5343 | D        | Noticed a green draconian
  5344 | D        | Noticed an iron troll
  5351 | D        | Killed a green draconian
  5352 | D        | Noticed a cherub
  5352 | D        | Noticed a curse toe
  5357 | D        | Killed an iron troll
  5369 | D        | Killed a curse toe
  5377 | D        | Killed a cherub
  5377 | D        | Reached XP level 15. HP: 141/147 MP: 21/24
  5384 | D        | Noticed a necromancer
  5389 | D        | Noticed a necromancer
  5394 | D        | Killed a necromancer
  5399 | D        | Noticed a green draconian
  5401 | D        | Noticed a vault guard
  5401 | D        | Noticed a spriggan berserker
  5401 | D        | Noticed a black draconian shifter
  5401 | D        | Noticed a hell knight
  5401 | D        | Noticed a necromancer
  5402 | D        | Noticed a hell knight
  5403 | D        | Noticed a spriggan air mage
  5403 | D        | Killed a necromancer
  5404 | D        | Noticed a hell knight
  5406 | D        | Noticed a balrug
  5407 | D        | Killed a spriggan berserker
  5409 | D        | Noticed a guardian serpent
  5414 | D        | Noticed a bone dragon
  5414 | D        | Killed a vault guard
  5414 | D        | Killed a spriggan air mage
  5416 | D        | Killed a hell knight
  5420 | D        | Noticed a hell knight
  5430 | D        | Killed a balrug
  5430 | D        | Reached skill level 23 in Armour
  5431 | D        | Killed a black draconian shifter
  5431 | D        | a guardian serpent changed into a hippogriff
  5447 | D        | HP: 7/147 [hell knight/bolt of fire (16)]
  5462 | D        | Killed a hell knight
  5465 | D        | Killed a hell knight
  5471 | D        | Killed a necromancer
  5482 | D        | Killed a green draconian
  5528 | D        | Killed a hell knight
  5528 | D        | Received a gift from Okawaru
  5534 | D        | Killed a bone dragon
  5534 | D        | Reached skill level 15 in Invocations
  5538 | D        | Got a warped war axe {god gift}
  5539 | D        | Identified the +5 war axe of the Old World {chop, rElec rPois Str-3 SInv} (Okawaru gifted it to you in the Dungeon)
  5932 | D        | Got the ring of Meqann {Ice MP-9 Dex+9 Stlth+}
  6095 | D        | Noticed a cacodemon
  6095 | D        | Gained mutation: Armour fits poorly on your strangely shaped body. [a cacodemon]
  6106 | D        | Gained mutation: Your body sometimes deteriorates upon taking damage. [a cacodemon]
  6107 | D        | Killed a cacodemon
  6169 | D        | Noticed a greater naga
  6171 | D        | Noticed a black draconian caller
  6179 | D        | Killed a greater naga
  6186 | D        | Noticed a lich
  6192 | D        | Noticed a mottled draconian scorcher
  6193 | D        | Noticed a red draconian shifter
  6196 | D        | Killed a black draconian caller
  6198 | D        | Noticed a greater naga
  6198 | D        | Noticed a deep elf annihilator
  6198 | D        | Noticed a deep elf death mage
  6198 | D        | Noticed a green draconian scorcher
  6198 | D        | Noticed a deep elf master archer
  6198 | D        | Noticed a deep elf sorcerer
  6199 | D        | Noticed a death yak
  6199 | D        | Noticed a greater naga
  6200 | D        | Noticed a death yak
  6200 | D        | Noticed an ogre mage
  6202 | D        | Noticed a vampire mage
  6205 | D        | Noticed a death yak
  6205 | D        | Noticed a vampire mage
  6209 | D        | Killed a lich
  6210 | D        | Noticed a death yak
  6211 | D        | Noticed a deep elf annihilator
  6212 | D        | Noticed a death yak
  6213 | D        | Killed a deep elf death mage
  6216 | D        | Killed a mottled draconian scorcher
  6222 | D        | Killed a greater naga
  6226 | D        | Killed a death yak
  6226 | D        | Killed a red draconian shifter
  6226 | D        | Reached skill level 24 in Armour
  6228 | D        | Killed an ogre mage
  6232 | D        | Killed a death yak
  6233 | D        | Killed a vampire mage
  6240 | D        | Killed a vampire mage
  6241 | D        | Killed a death yak
  6243 | D        | Noticed a yellow draconian
  6247 | D        | Killed a deep elf sorcerer
  6247 | D        | Received a gift from Okawaru
  6250 | D        | Killed a greater naga
  6256 | D        | Killed a death yak
  6263 | D        | Killed a death yak
  6263 | D        | Killed a deep elf annihilator
  6271 | D        | Killed a yellow draconian
  6280 | D        | Killed a green draconian scorcher
  6285 | D        | Killed a deep elf annihilator
  6289 | D        | Killed a deep elf master archer
  6577 | D        | Noticed a cherub
  6578 | D        | Noticed a sphinx
  6585 | D        | Noticed a wolf spider
  6591 | D        | Noticed a yellow draconian
  6591 | D        | Killed a wolf spider
  6591 | D        | Paralysed by a sphinx for 2 turns
  6599 | D        | Noticed a purple draconian
  6601 | D        | Killed a yellow draconian
  6602 | D        | Killed a sphinx
  6602 | D        | Reached XP level 16. HP: 129/160 MP: 27/27
  6613 | D        | Killed a purple draconian
  6622 | D        | Noticed an ogre mage
  6629 | D        | Killed a cherub
  6629 | D        | Reached skill level 25 in Armour
  6637 | D        | Killed an ogre mage
  6682 | D        | Lost mutation: Your body sometimes deteriorates upon taking damage. [potion of cure mutation]
  6682 | D        | Lost mutation: Armour fits poorly on your strangely shaped body. [potion of cure mutation]
  6703 | D        | Got the ring of Siun {rPois rN+ MP+9 AC+6}
  6705 | D        | Got the ring "Gexku" {+Blink +Fly rElec rF+ rC+}
  6707 | D        | Got the ring of Descent {*Drain rC++ AC+6}
  6709 | D        | Got the ring "Pimiuc" {*Drain +Blink rElec rF+}
  6711 | D        | Got the ring of Crawling {rC- MR+++ Str+3 Dex+6 Slay-2}
  6713 | D        | Got the ring "Acagroan" {*Drain rF++ AC+6 SInv}
  6715 | D        | Got the ring "Fyzaipn" {rElec rPois MR+ Int+4 Stlth-}
  6717 | D        | Got the ring of Qahor {Fire rN+ Str+3}
  6719 | D        | Got the ring of Caonoliph {+Blink +Inv rF+ Str+2 Dex+2}
  6721 | D        | Got the ring of Onirig {+Fly rF+ rN+ Dex+4}
  6723 | D        | Got the ring "Wesepism" {Fire SInv}
  6725 | D        | Got the ring of the Stag {*Confuse +Inv Int+3 Dex+3}
  6727 | D        | Got the ring "Savoh" {rElec MR+ Str+3 Dex+4}
  6748 | D        | Got the ring "Itale" {SustAt +Fly Int+3}
  6769 | D        | Got the amulet of Contention {Faith rN+ Str+2 Dex+4}
  6771 | D        | Got the amulet "Paatev" {rElec rC+ Regen+}
  6773 | D        | Got the ring "Tuhoumek" {+Blink rElec rF+ MR- Stlth-}
  6775 | D        | Got the amulet "Igeny" {Stasis Dex+5}
  6777 | D        | Got the amulet of Ceoreap {Ward -Tele rElec rN+ Str+4 Dex+4}
  6779 | D        | Got the ring "Bogig" {MP+9 Str+4}
  6781 | D        | Got the amulet of Guqehupp {Ward rElec rC++ rN+ Int-4 Dex+3}
  6783 | D        | Got the amulet of Wotiylav {Spirit rPois rC+}
  6785 | D        | Got the amulet of Taimae Nesoi {Ward rN+ MR+ Int-3 SInv}
  6787 | D        | Got the amulet "Kuocoan" {Stasis Str+10 Stlth-}
  6789 | D        | Got the amulet of Wesky {rMut Str+5 Int+9 Dex-4}
  6804 | D        | Got the ring "Hehuso Xoawk" {rElec rPois Int-4 Slay+5 SInv}
  6873 | D        | Noticed a titan
  6890 | D        | Killed a titan
  6890 | D        | Received a gift from Okawaru
  6902 | D        | Noticed a Shadow Fiend
  6914 | D        | Killed a Shadow Fiend
  6917 | D        | Noticed Lom Lobon
  6941 | D        | Killed from afar by Lom Lobon

Vault maps used:
D:        pitsprint

Action                   |  1- 3 |  4- 6 |  7- 9 | 10-12 | 13-15 | 16-18 || total
-------------------------+-------+-------+-------+-------+-------+-------++-------
Melee: War axe           |    37 |    45 |   103 |   302 |   519 |    58 ||  1064
Invok: Heroism           |       |     2 |     5 |     7 |     7 |     1 ||    22
       Finesse           |       |       |       |     6 |     7 |     1 ||    14
  Use: Potion            |     3 |     1 |     1 |     7 |    19 |     5 ||    36
       Scroll            |       |       |       |       |     5 |       ||     5
 Stab: Distracted        |       |       |       |       |     1 |       ||     1
       Invisible         |       |       |       |       |     2 |       ||     2
  Eat: Chunk             |       |       |     2 |       |     6 |     1 ||     9
       Bread ration      |       |       |     1 |     1 |     2 |     1 ||     5
